 Dungeon Crawl Stone Soup version 0.22-a0-40-g3d2f077def (webtiles) character file.

33 Manul the Magician (level 3, -6/24 HPs)
             Began as a Demonspawn Wanderer on Jan 5, 2018.
             Mangled by a worm (12 damage)
             ... on level 2 of the Dungeon.
             The game lasted 00:03:25 (2260 turns).

Manul the Magician (Demonspawn Wanderer)            Turns: 2260, Time: 00:03:26

Health: -6/24      AC:  4    Str: 14    XL:     3   Next: 12%
Magic:  5/9        EV: 11    Int: 11    God:
Gold:   41         SH:  0    Dex: 13    Spells: 8/11 levels left

rFire    . . .     SeeInvis .   e - +0 club
rCold    . . .     Gourm    .   (no shield)
rNeg     . . .     Faith    .   d - +0 robe
rPois    .         Spirit   .   (helmet restricted)
rElec    .         Reflect  .   (no cloak)
rCorr    .         Harm     .   (no gloves)
MR       .....                  (no boots)
Stlth    +.........             (no amulet)
HPRegen  0.08/turn              (no ring)
MPRegen  0.11/turn              (no ring)

@: no status effects
A: horns 1, iridescent scales 1
a: no special abilities


You were on level 2 of the Dungeon.
You were not hungry.

You visited 1 branch of the dungeon, and saw 2 of its levels.

You collected 41 gold pieces.

Inventory:

Hand Weapons
 e - a +0 club (weapon)
Armour
 d - a +0 robe (worn)
Scrolls
 h - 4 scrolls of identify {unknown}
 i - 2 scrolls of enchant armour {unknown}
 k - a scroll of enchant weapon {unknown}
 m - a scroll of fear {unknown}
Potions
 c - a potion of curing
 g - a potion of brilliance {unknown}
 l - a potion of flight {unknown}
Books
 a - a book of Minor Magic

   Spells                             Type                      Level
   a - Magic Dart                     Conjuration                  1
   b - Blink                          Translocation                2
   c - Call Imp                       Summoning                    2
   d - Slow                           Hexes                        2
   e - Conjure Flame                  Conjuration/Fire             3
   f - Mephitic Cloud                 Conjuration/Poison/Air       3
 b - Vehumet's Reference Book on Conjuration

   Spells                             Type                      Level
   a - Magic Dart                     Conjuration                  1
   b - Stone Arrow                    Conjuration/Earth            3
Comestibles
 f - 5 rations
 j - 4 chunks of flesh


   Skills:
 + Level 0.3 Maces & Flails
 + Level 0.2 Dodging
 + Level 0.1 Stealth
 + Level 4.6 Spellcasting
 + Level 1.3 Conjurations
   Level 1.7 Charms
   Level 1.0 Poison Magic
   Level 2.0 Evocations


You had 8 spell levels left.
You knew the following spells:

 Your Spells              Type           Power        Failure   Level  Hunger
a - Magic Dart            Conj           #...         13%         1    None
b - Call Imp              Summ           #.......     32%         2    ##.....


Dungeon Overview and Level Annotations

Branches:
Dungeon (2/15)

Altars:


Innate Abilities, Weirdness & Mutations

You have a pair of small horns on your head.
You are partially covered in iridescent scales. (AC +2)


Message History

Press ? for a list of commands and other information.
Unknown command.
You butcher the giant cockroach corpse.
j - 4 chunks of flesh (gained 1)
A worm comes into view.
A worm is nearby!
The worm bites you but does no damage. The worm bites you.
The worm barely misses you. The worm bites you!
Your magical contamination has completely faded away.
The worm bites you. The worm barely misses you. The worm bites you.
* * * LOW HITPOINT WARNING * * *
The worm bites you but does no damage. The worm barely misses you.
The worm bites you!
Ouch! That really hurt!
You die...

### # ..##
#.##### ..#
....... #.#
.......###.######
#.....w@........#
#......###...##..
##..... ###.###
#.#.## #...#####
#... ###...†.####
##. #####....## #
####... #### #..


You could see a worm.

Vanquished Creatures
  A worm (D:1)
  A dart slug (D:2)
  A leopard gecko (D:2)
  A ball python (D:1)
  A giant cockroach (D:2)
  5 goblins
  6 hobgoblins
  A quokka (D:2)
  3 bats (D:1)
  A frilled lizard (D:1)
  2 kobolds (D:2)
  3 rats (D:1)
26 creatures vanquished.

Notes
Turn   | Place    | Note
-------+----------+-------------------------------------------
     0 | D:1      | Manul the Demonspawn Wanderer began the quest for the Orb.
     0 | D:1      | Manul set off with: a book of Minor Magic, Vehumet's Reference Book on Conjuration, a potion of curing, a +0 robe, a +0 club, a ration
     0 | D:1      | Reached XP level 1. HP: 13/13 MP: 5/5
     2 | D:1      | Learned a level 1 spell: Magic Dart
   367 | D:1      | Identified Vehumet's Reference Book on Conjuration
   443 | D:1      | Gained mutation: You are partially covered in iridescent scales. (AC +2) [demonic ancestry]
   443 | D:1      | Reached XP level 2. HP: 19/19 MP: 4/7
  1010 | D:1      | Learned a level 2 spell: Call Imp
  2104 | D:2      | Gained mutation: You have a pair of small horns on your head. [demonic ancestry]
  2104 | D:2      | Reached XP level 3. HP: 23/24 MP: 5/9
  2260 | D:2      | Mangled by a worm

Vault maps used:
D:1:      evilmike_arrival_run_for_it, roderic_serpentine_path
D:2:      kennysheep_ying_yang, first_ration

Action                   || total
-------------------------++-------
Melee: Club              ||    41
       Headbutt          ||     2
 Cast: Magic Dart        ||    76
       Call Imp          ||     2
  Eat: Chunk             ||     5
Armor: Robe              ||    10
Dodge: Dodged            ||    42

Table legend:
 A = Spawn XP
 B = Non-spawn XP
 C = Spawn XP percentage of total XP
 D = Spawn monster count
 E = Non-spawn monster count
 F = Spawn count percentage of total count
 G = Total turns spent on level
                    A         B        C        D         E        F      G
               +---------+---------+-------+---------+---------+-------+---------
         Total |       0 |      48 |   0.0 |       0 |      26 |   0.0 |  2260
               +---------+---------+-------+---------+---------+-------+---------
           D:1 |       0 |      31 |   0.0 |       0 |      18 |   0.0 |  1962
           D:2 |       0 |      17 |   0.0 |       0 |       8 |   0.0 |   298
               +---------+---------+-------+---------+---------+-------+---------
